 Dungeon Crawl Stone Soup version 0.23.2-40-g277498a001 (webtiles) character file.

Game seed: 16372401414905084306

261 Exodus22XD the Conjurer (level 5, -2/35 HPs)
             Began as a Mummy Wizard on Sept 1, 2019.
             Killed from afar by Sigmund (18 damage)
             ... with a puff of flame
             ... on level 4 of the Dungeon.
             The game lasted 00:15:42 (5228 turns).

Exodus22XD the Conjurer (Mummy Wizard)              Turns: 5228, Time: 00:15:44

Health: -2/35      AC:  3    Str: 10    XL:     5   Next: 96%
Magic:  6/11       EV: 12    Int: 18    God:
Gold:   106        SH:  0    Dex: 11    Spells: 1/12 levels left

rFire    x . .     SeeInvis .   c - +2 mace (crush)
rCold    + . .     Gourm    .   (no shield)
rNeg     + + +     Faith    .   a - +0 robe
rPois    ∞         Spirit   .   b - +0 hat
rElec    .         Reflect  .   (no cloak)
rCorr    .         Harm     .   (no gloves)
MR       .....                  g - +0 pair of boots
Stlth    +.........             (no amulet)
HPRegen  0.11/turn              (no ring)
MPRegen  0.12/turn              (no ring)

@: confused, very slightly contaminated
A: no food or potions, fire vulnerability, cold resistance 1, negative energy
resistance 3, torment resistance, unbreathing
a: no special abilities


You were on level 4 of the Dungeon.
You were not hungry.

You visited 1 branch of the dungeon, and saw 4 of its levels.

You collected 106 gold pieces.

Inventory:

Hand Weapons
 c - a +2 mace of crushing (weapon)
Armour
 a - a +0 robe (worn)
 b - a +0 hat (worn)
 g - a +0 pair of boots (worn)
Scrolls
 d - 3 scrolls of identify {unknown}
 e - a scroll of amnesia {unknown}
 f - a scroll of noise {unknown}
 h - a scroll of enchant weapon {unknown}
 i - a scroll of immolation {unknown}


   Skills:
 - Level 0.2 Maces & Flails
 - Level 1.5 Dodging
 - Level 1.5 Stealth
 - Level 4.0 Spellcasting
 * Level 4.9 Conjurations
 - Level 0.7 Summonings
 - Level 0.7 Translocations


You had one spell level left.
You knew the following spells:

 Your Spells              Type           Power        Failure   Level  Hunger
a - Magic Dart            Conj           ###.         1%          1    N/A
b - Call Imp              Summ           #.......     17%         2    N/A
c - Blink                 Tloc           N/A          17%         2    N/A
d - Conjure Flame         Conj/Fire      ##......     16%         3    N/A
e - Mephitic Cloud        Conj/Pois/Air  #.......     22%         3    N/A

Your spell library contained the following spells:

 Spells                   Type           Power        Failure   Level  Hunger
 Slow                     Hex            #.......     22%         2    N/A

Dungeon Overview and Level Annotations

Branches:
Dungeon (4/15)
 Temple: D:4-7

Altars:
Makhleb
Xom

Annotations:
D:3 Grinder
D:4 Sigmund


Innate Abilities, Weirdness & Mutations

You do not eat or drink.
Your flesh is vulnerable to fire.
You are immune to poison.
Your flesh is cold resistant. (rC+)
You are immune to negative energy. (rN+++)
You are immune to unholy pain and torment.
You can survive without breathing.


Message History

Press: ? - help, Dir - move target cursor You miscast Conjure Flame.
Your bandages flutter.
Something hits you!
You hear some strange, mumbled words.
You are confused.
You bump into the rock wall.
You hear some strange, mumbled words.
You are more confused.
You bump into the rock wall.
You hear some strange, mumbled words.
Something tries to affect you, but you resist.
You're too confused to move!
You bump into the rock wall.
Something hits you!
There is a stone staircase leading up here.
Something barely misses you.
In your confused state, you trip and fall back down the stairs.
You hear some strange, mumbled words.
A puff of flame appears from out of thin air!
The puff of flame hits you!! The fire burns you terribly!
Ouch! That really hurt!
You die...

#...####.##.####.#########.#
#.#.......#.# #.........#.#
#.#..#....#.############.#.#
#.#.......'........O..##.#.####
..#.......#.#########{........#
###..%....#.# ########.....#
#.......#.######a...a.......#
#.#.....)......#.######.....#
#.#...........@..# #.....###
#)#..##........### #........
##.#..####.#############........
##.....................#####.....
...(...####.##########.# #.)...
........###.# #.# #....%
........)...# #.# #.....
..).........##########.# #.....
..<.......<............# #.....


There were no monsters in sight!

Vanquished Creatures
  An ogre (D:4)
  A crimson imp (D:3)
  A worker ant zombie (D:4)
  3 gnolls
  2 adders (D:2)
  An ooze (D:1)
  A dart slug (D:1)
  2 leopard geckos
  2 orcs
  2 ball pythons (D:3)
  3 giant cockroaches (D:1)
  6 goblins
  6 hobgoblins
  6 jackals
  3 bats
  4 frilled lizards
  9 kobolds
  A leopard gecko skeleton (D:4)
  15 rats
69 creatures vanquished.

Vanquished Creatures (collateral kills)
  A gnoll (D:4)
1 creature vanquished.

Grand Total: 70 creatures vanquished

Notes
Turn   | Place    | Note
-------+----------+-------------------------------------------
     0 | D:1      | Exodus22XD the Mummy Wizard began the quest for the Orb.
     0 | D:1      | Reached XP level 1. HP: 13/13 MP: 5/5
    34 | D:1      | Reached skill level 1 in Conjurations
   222 | D:1      | Reached XP level 2. HP: 10/19 MP: 0/7
  1329 | D:1      | Reached XP level 3. HP: 24/24 MP: 4/8
  1809 | D:2      | Found a shimmering altar of Xom.
  2502 | D:3      | Reached XP level 4. HP: 30/30 MP: 5/10
  2662 | D:3      | Found a burning altar of Makhleb.
  2852 | D:3      | Noticed Grinder
  2855 | D:3      | Paralysed by Grinder for 2 turns
  2883 | D:2      | Learned a level 2 spell: Call Imp
  3485 | D:4      | Reached XP level 5. HP: 27/35 MP: 5/11
  3768 | D:4      | Learned a level 2 spell: Blink
  4117 | D:4      | Noticed Sigmund
  4149 | D:3      | Learned a level 3 spell: Conjure Flame
  4440 | D:3      | Learned a level 3 spell: Mephitic Cloud
  4573 | D:3      | Paralysed by Grinder for 7 turns
  4777 | D:3      | Paralysed by Grinder for 6 turns
  4799 | D:3      | Paralysed by Grinder for 2 turns
  4966 | D:4      | Noticed an ogre
  5125 | D:4      | Killed an ogre
  5228 | D:4      | Killed from afar by Sigmund

Skill      XL: |  1  2  3  4 |
---------------+-------------+-----
Conjurations   | 1 2 3 4 |  4.9
Maces & Flails | |  0.2
Dodging        | |  1.5
Stealth        | |  1.5
Spellcasting   | |  4.0
Summonings     | |  0.7
Translocations | |  0.7

Action                   |  1- 3 |  4- 6 || total
-------------------------+-------+-------++-------
Melee: Mace              |    22 |     3 ||    25
 Cast: Magic Dart        |    97 |    90 ||   187
       Conjure Flame     |       |     7 ||     7
       Call Imp          |       |     3 ||     3
       Mephitic Cloud    |       |     2 ||     2
       Blink             |       |     1 ||     1
Armor: Robe              |    20 |     2 ||    22
Dodge: Dodged            |    38 |    24 ||    62
